[Event "Team 45 45 League T35"]
[Site "Internet Chess Club"]
[Date "2007.11.10"]
[Round "4"]
[White "SRS"]
[Black "Vitruvian"]
[Result "1-0"]
[WhiteElo "1804"]
[BlackElo "1805"]
[Opening "Alekhine's defense: exchange variation"]
[ECO "B03"]
[Time "15:04:31"]
[TimeControl "2700+45"]

1. e4 Nf6 2. e5 Nd5 3. d4 d6 4. c4 Nb6 5. exd6 exd6 6. Nf3 Bg4 7. Be2 Be7 8. O-O
O-O 9. h3 Bh5 10. Nc3 Nc6 11. Bf4 Bxf3 12. gxf3 Bf6 13. Be3 Re8 14. Kh2 d5 15.
c5 Nc8 16. Bb5 N8e7 17. Rg1 Nf5 18. Qd3 g6 19. Qxf5 Bxd4 20. Bxc6 Rxe3 21. fxe3
Bxe3 22. Bxd5 Bxg1+ 23. Rxg1 Kh8 24. Qxf7 c6 25. Ne4 {Black resigns} 1-0

[Event "Team 45 45 League T35"]
[Site "Internet Chess Club"]
[Date "2007.11.11"]
[Round "4"]
[White "rayonline53"]
[Black "clarnibass"]
[Result "0-1"]
[WhiteElo "1557"]
[BlackElo "1771"]
[Opening "French: Steinitz variation"]
[ECO "C11"]
[Time "10:40:28"]
[TimeControl "2700+45"]

1. e4 e6 2. d4 d5 3. Nc3 Nf6 4. e5 Nfd7 5. Be3 c5 6. f4 Qb6 7. Qd2 Qxb2 8. Rb1
Qa3 9. Nf3 a6 10. Be2 Nc6 11. O-O cxd4 12. Nxd4 Nxd4 13. Bxd4 Bc5 14. Kh1 Bxd4
15. Qxd4 Qc5 16. Qd2 O-O 17. Na4 Qc7 18. Rb3 b5 19. Nb2 Nc5 20. Rh3 Ne4 21. Qe1
Qxc2 22. Nd3 Qxa2 23. Nb4 Qb2 24. Nc6 h6 25. Bd3 Bd7 26. Ne7+ Kh8 27. Bxe4 dxe4
28. Qxe4 Rfe8 29. Ng6+ fxg6 30. Qxg6 Re7 31. Qe4 Rc8 32. Rg3 b4 33. Qb7 a5 34.
Rd1 a4 35. h3 Rc1 36. Rxc1 Qxc1+ 37. Kh2 Qxf4 38. Qb8+ Kh7 39. Qd6 Rf7 40. Qd3+
Qf5 41. Qe3 b3 42. Rf3 Qxf3 43. gxf3 b2 44. Qe4+ Rf5 45. Kg3 a3 46. Qb4 Ba4 47.
f4 Bc2 {White resigns} 0-1

[Event "Team 45 45 League T35"]
[Site "Internet Chess Club"]
[Date "2007.11.13"]
[Round "4"]
[White "Fysh"]
[Black "hondocando"]
[Result "1-0"]
[WhiteElo "1844"]
[BlackElo "1675"]
[Opening "King's Indian: 4.e4"]
[ECO "E70"]
[Time "10:59:02"]
[TimeControl "2700+45"]

1. d4 Nf6 2. c4 g6 3. Nc3 Bg7 4. e4 O-O 5. Nge2 d6 6. f3 c5 7. Be3 Nfd7 8. Qc2
Nc6 9. Rd1 Qa5 10. a3 Nxd4 11. Nxd4 cxd4 12. Bxd4 Bxd4 13. Rxd4 Qe5 14. Qd1 b6
15. Be2 Bb7 16. O-O Qc5 17. Kh1 a6 18. f4 Rad8 19. e5 Nb8 20. b4 Qc7 21. Nd5
Bxd5 22. Rxd5 dxe5 23. fxe5 Rxd5 24. Qxd5 e6 25. Qd6 Qxd6 26. exd6 Nd7 27. Bf3
Ne5 28. c5 bxc5 29. bxc5 Nxf3 30. gxf3 f5 31. c6 Kf7 32. c7 e5 33. d7 Ke7 34.
c8=Q {Black resigns} 1-0

[Event "Team 45 45 League T35"]
[Site "Internet Chess Club"]
[Date "2007.11.11"]
[Round "4"]
[White "gezira"]
[Black "VentasD"]
[Result "0-1"]
[WhiteElo "1937"]
[BlackElo "2190"]
[Opening "Caro-Kann: anti-anti-Caro-Kann defense"]
[ECO "B10"]
[Time "15:06:07"]
[TimeControl "2700+45"]

1. e4 c6 2. c4 d5 3. exd5 cxd5 4. cxd5 Qxd5 5. Nc3 Qa5 6. Bc4 Nf6 7. Nf3 e6 8.
d4 a6 9. Bd2 Qd8 10. O-O b5 11. Bd3 Bb7 12. Qe2 Be7 13. a4 b4 14. Ne4 Nbd7 15.
Ng3 a5 16. Rfe1 O-O 17. Be3 Nb6 18. Rec1 Nbd5 19. Bg5 Rc8 20. Rxc8 Qxc8 21. Rc1
Qb8 22. Ne5 Rc8 23. Rxc8+ Qxc8 24. Nc4 Qc7 25. Qe5 Qd8 26. b3 Ba6 27. Bd2 Nd7
28. Qe4 N7f6 29. Qe5 Nd7 30. Qe4 g6 31. h3 Qc7 32. Qf3 Bb7 33. Ne4 N5f6 34. Bf4
Qc8 35. Nxa5 Bd5 36. Nc4 Qa8 37. Ncd2 Nh5 38. g4 Nxf4 39. Qxf4 Qa7 40. Bb5 Qxd4
41. Bxd7 Bxe4 42. Bxe6 fxe6 43. Nxe4 Qd1+ 44. Kg2 Qxb3 45. a5 Qd5 46. a6 Qa8 47.
f3 Qxa6 48. Qc7 Qe2+ 49. Kg3 Qe1+ 50. Kg2 Qe2+ 51. Kg3 Qe1+ 52. Kg2 Bh4 53. Qc8+
Kg7 54. Qd7+ Kh6 55. Qd2+ Qxd2+ 56. Nxd2 Be1 57. Nb3 Kg5 58. Kf1 Bc3 59. Kg2 Kf4
60. Kf2 e5 61. Nc1 Bd4+ 62. Kg2 Ke3 63. Kg3 Kd2 64. Nb3+ Kc3 65. Nc1 Kc2 66. Ne2
b3 67. f4 b2 68. f5 b1=Q 69. f6 Qe1+ {White resigns} 0-1

[Event "Team 45 45 League T35"]
[Site "Internet Chess Club"]
[Date "2007.11.11"]
[Round "4"]
[White "primerpaso"]
[Black "goldenboy2"]
[Result "1-0"]
[WhiteElo "1718"]
[BlackElo "1918"]
[Opening "English opening"]
[ECO "D35"]
[Time "19:24:18"]
[TimeControl "2700+45"]

1. c4 e6 2. Nc3 d5 3. cxd5 exd5 4. d4 Nf6 5. Nf3 c6 6. Bg5 Be7 7. e3 Bf5 8. Bd3
Bxd3 9. Qxd3 Nbd7 10. O-O O-O 11. a3 a5 12. Rab1 Ne4 13. Bf4 Ndf6 14. Nd2 Nxd2
15. Qxd2 b5 16. Rbc1 Bd6 17. Ne2 Ne4 18. Qc2 Rc8 19. Rfd1 Qh4 20. Bg3 Nxg3 21.
hxg3 Qh5 22. Nf4 Bxf4 23. gxf4 f5 24. Rd3 Rf6 25. Qd1 Qh4 26. g3 Qh3 27. Qf1 Qg4
28. Rdc3 Rh6 29. Qg2 Rg6 30. Rxc6 Rd8 31. Rxg6 Qxg6 32. Rc5 Qg4 33. Rxb5 Qd1+
34. Qf1 Qd2 35. b4 axb4 36. Rxb4 Ra8 37. Qb5 Qc1+ 38. Kg2 Rd8 39. a4 Qc8 40. Qb7
Qxb7 41. Rxb7 Ra8 42. Rb4 Kf7 43. Kf3 h5 44. Ke2 Ke6 45. Kd3 Rc8 46. a5 Ra8 47.
Rb6+ Kf7 48. a6 g6 49. Kc3 Re8 50. Kb4 Rc8 51. a7 Ra8 52. Rb7+ Ke6 53. Kc5
{Black resigns} 1-0

[Event "Team 45 45 League T35"]
[Site "Internet Chess Club"]
[Date "2007.11.10"]
[Round "4"]
[White "scottrugby"]
[Black "gugamircea"]
[Result "0-1"]
[WhiteElo "1493"]
[BlackElo "1659"]
[Opening "Sicilian: closed"]
[ECO "B23"]
[Time "12:02:35"]
[TimeControl "2700+45"]

1. e4 c5 2. Nc3 e6 3. f4 d5 4. e5 Nh6 5. Nf3 Be7 6. d3 O-O 7. h3 Nf5 8. g4 Ng3
9. Rg1 Nxf1 10. Kxf1 f6 11. Kg2 b6 12. Qe1 a6 13. h4 fxe5 14. fxe5 Bb7 15. Bg5
b5 16. Rf1 b4 17. Ne2 Nd7 18. Kg3 d4 19. Bxe7 Qxe7 20. Neg1 Nb6 21. c4 bxc3 22.
bxc3 dxc3 23. Qxc3 Nd5 24. Qc1 Rad8 25. d4 cxd4 26. Nxd4 Rxf1 27. Qxf1 Ne3 28.
Qf4 Ng2 29. Qd2 Qxh4# {White checkmated} 0-1

[Event "Team 45 45 League T35"]
[Site "Internet Chess Club"]
[Date "2007.11.16"]
[Round "4"]
[White "ETwoEFour"]
[Black "Karpyan"]
[Result "1-0"]
[WhiteElo "2151"]
[BlackElo "1858"]
[Opening "French: Winawer, advance, poisoned pawn, Konstantinopolsky variation"]
[ECO "C18"]
[Time "17:02:02"]
[TimeControl "2700+45"]

1. e4 e6 2. d4 d5 3. Nc3 Bb4 4. e5 c5 5. a3 Bxc3+ 6. bxc3 Ne7 7. Qg4 Qc7 8. Qxg7
Rg8 9. Qxh7 cxd4 10. Ne2 dxc3 11. f4 Nbc6 12. Nxc3 Nxe5 13. Nb5 Qb8 14. fxe5
Qxe5+ 15. Kd2 Qxa1 16. Nc7+ Kd8 17. Nxa8 Qe5 18. Qxf7 Bd7 19. Qf3 Bc6 20. Kd1 d4
21. Qf4 Qxf4 22. Bxf4 Nd5 23. Be5 Kd7 24. Bxd4 Rxa8 25. c4 Nf4 26. Rg1 b6 27. h4
Rg8 28. g3 Ng6 29. h5 e5 30. Be3 Ne7 31. g4 Bf3+ 32. Be2 Be4 33. g5 Ke8 34. c5
Nf5 35. Bf2 Nd4 36. Bxd4 exd4 37. Bc4 Rh8 38. g6 Rxh5 39. cxb6 Bxg6 40. b7
{Black resigns} 1-0

[Event "Team 45 45 League T35"]
[Site "Internet Chess Club"]
[Date "2007.11.09"]
[Round "4"]
[White "Rainbird"]
[Black "matein7"]
[Result "1/2-1/2"]
[WhiteElo "1767"]
[BlackElo "1967"]
[Opening "QGD: exchange variation"]
[ECO "D35"]
[Time "17:59:54"]
[TimeControl "2700+45"]

1. d4 Nf6 2. c4 e6 3. Nc3 d5 4. cxd5 exd5 5. e3 c6 6. Bd3 Be7 7. Qc2 O-O 8. Nge2
Re8 9. O-O Nbd7 10. f3 c5 11. dxc5 Nxc5 12. b3 Nxd3 13. Qxd3 Bc5 14. Kh1 a6 15.
Nd4 b5 16. Bb2 Bb7 17. Rae1 Qb6 18. Nce2 Rad8 19. Nf4 a5 20. Nf5 b4 21. Nxg7
Rxe3 22. Qf5 Rxe1 23. Rxe1 Bd4 24. Qg5 Kf8 25. Nfe6+ fxe6 26. Rxe6 Re8 27. Rxe8+
Nxe8 28. Bxd4 Qg6 29. Qxg6 hxg6 30. Ne6+ Ke7 31. Nc5 Bc6 32. Be5 Nd6 33. Kg1 Nb5
34. Kf2 d4 35. h4 Bd5 36. g4 Nc3 37. Bxd4 Nxa2 38. f4 Nc1 39. Ke3 Nxb3 40. Nxb3
Bxb3 41. Bb6 Be6 42. Bxa5 b3 43. Bc3 Bxg4 44. Ke4 Ke6 45. Bb2 Bf5+ 46. Ke3 Kd5
{Game drawn by mutual agreement} 1/2-1/2

[Event "Team 45 45 League T35"]
[Site "Internet Chess Club"]
[Date "2007.11.11"]
[Round "4"]
[White "joshtournman"]
[Black "SATELLITE-DAN"]
[Result "1-0"]
[WhiteElo "1492"]
[BlackElo "1575"]
[Opening "Ruy Lopez: exchange variation"]
[ECO "C68"]
[Time "20:56:22"]
[TimeControl "2700+45"]

1. e4 e5 2. Nf3 Nc6 3. Bb5 a6 4. Bxc6 dxc6 5. Nxe5 Qd4 6. Nf3 Qxe4+ 7. Qe2 Qxe2+
8. Kxe2 Bg4 9. d4 O-O-O 10. Be3 Nf6 11. Nc3 Bb4 12. h3 Bh5 13. g4 Bg6 14. Ne5
Bxc3 15. bxc3 Nd5 16. Nxg6 hxg6 17. Kd3 Rd6 18. Rab1 b5 19. c4 Nb6 20. c5 Re6
21. cxb6 cxb6 22. d5 cxd5 23. Kd4 Kb7 24. Rbe1 Rhe8 25. Bd2 Rxe1 26. Rxe1 Rxe1
27. Bxe1 Kc6 28. Bc3 Kd6 29. f4 a5 30. a3 Ke6 31. f5+ gxf5 32. gxf5+ Kd6 33. h4
g6 34. fxg6 fxg6 35. Bd2 Ke6 36. c3 b4 37. cxb4 a4 38. b5 Kd6 39. Bf4+ Ke6 40.
Be5 Kf5 41. Kxd5 {Black resigns} 1-0

[Event "Team 45 45 League T35"]
[Site "Internet Chess Club"]
[Date "2007.11.11"]
[Round "4"]
[White "Lionskins"]
[Black "Kasparklunk"]
[Result "0-1"]
[WhiteElo "1516"]
[BlackElo "1481"]
[Opening "Polish: Outflank variation"]
[ECO "A00"]
[Time "12:02:48"]
[TimeControl "2700+45"]

1. b4 c6 2. c4 d5 3. e3 e5 4. cxd5 cxd5 5. Qa4+ Bd7 6. b5 a6 7. Nf3 Qc7 8. Bb2
f6 9. Nc3 Ne7 10. Rc1 Qb6 11. Qb3 axb5 12. Nxb5 Bxb5 13. a4 Nd7 14. Bxb5 Qe6 15.
Rc7 Nc6 16. Bxc6 bxc6 17. Rb7 Bd6 18. Ba3 Kf8 19. Ke2 Ke7 20. Nh4 Qg4+ 21. f3
Qxh4 22. Bxd6+ Kxd6 23. Qa3+ Ke6 24. Rc1 Qxa4 25. Rxc6+ Qxc6 {White resigns} 0-1

[Event "Team 45 45 League T35"]
[Site "Internet Chess Club"]
[Date "2007.11.12"]
[Round "4"]
[White "Guinness"]
[Black "Checkmates"]
[Result "0-1"]
[WhiteElo "2260"]
[BlackElo "2401"]
[Opening "Queen's pawn game"]
[ECO "A45"]
[Time "12:07:50"]
[TimeControl "2700+45"]

1. d4 Nf6 2. e3 g6 3. Nf3 Bg7 4. Be2 O-O 5. O-O d6 6. b3 Nbd7 7. Bb2 e5 8. dxe5
Ng4 9. c4 Ngxe5 10. Qd2 Nxf3+ 11. Bxf3 Bxb2 12. Qxb2 Qg5 13. Nc3 Ne5 14. Qe2 Qf6
15. Nd5 Nxf3+ 16. Qxf3 Qxf3 17. gxf3 c6 18. Nc3 Rd8 19. Rad1 Bh3 20. Rfe1 Kf8
21. Rd4 Bf5 22. Red1 Ke7 23. Kf1 a6 24. h4 b5 25. Ne4 bxc4 26. bxc4 Be6 27. Nxd6
c5 28. R4d2 Rd7 29. Ke1 Rb8 30. f4 Bg4 31. f3 Be6 32. e4 f5 33. e5 Rdd8 34. Ke2
Rd7 35. Rh1 Rb4 {White forfeits on time} 0-1

[Event "Team 45 45 League T35"]
[Site "Internet Chess Club"]
[Date "2007.11.11"]
[Round "4"]
[White "jorobo"]
[Black "kingcapture"]
[Result "1-0"]
[WhiteElo "2163"]
[BlackElo "2191"]
[Opening "King's Indian: orthodox, Aronin-Taimanov, 9.Ne1"]
[ECO "E98"]
[Time "14:02:40"]
[TimeControl "2700+45"]

1. c4 Nf6 2. Nc3 g6 3. e4 d6 4. d4 Bg7 5. Be2 O-O 6. Nf3 e5 7. O-O Nc6 8. d5 Ne7
9. Ne1 Nd7 10. Nd3 f5 11. Bd2 Nf6 12. f3 f4 13. c5 g5 14. cxd6 cxd6 15. Nf2 Ng6
16. Qc2 Rf7 17. Rfc1 Bf8 18. a4 h5 19. h3 Rg7 20. Nb5 Ne8 21. Ra3 a6 22. Rc3
Bxh3 23. gxh3 axb5 24. Rc8 Rxc8 25. Qxc8 Qxc8 26. Rxc8 Nf6 27. Bxb5 g4 28. hxg4
hxg4 29. fxg4 Ne7 30. Rb8 Nxg4 31. Nxg4 Rxg4+ 32. Kf2 Ng6 33. Bb4 Kg7 34. Rxb7+
Kh6 35. Rf7 Kg5 36. a5 Be7 37. Rxe7 Nxe7 38. Bxd6 Kf6 39. a6 Nc8 40. Bd7 Rg8 41.
Bxc8 Rxc8 42. a7 Ra8 43. Bb8 Ke7 44. b4 Kd7 45. b5 Kc8 46. b6 Kb7 47. d6 Kc6 48.
Kf3 {Black resigns} 1-0

[Event "Team 45 45 League T35"]
[Site "Internet Chess Club"]
[Date "2007.11.11"]
[Round "4"]
[White "onslaught"]
[Black "HocusPocus"]
[Result "1-0"]
[WhiteElo "2236"]
[BlackElo "2122"]
[Opening "QGD Slav: Dutch variation, main line"]
[ECO "D19"]
[Time "05:55:31"]
[TimeControl "2700+45"]

1. d4 d5 2. c4 c6 3. Nc3 Nf6 4. Nf3 dxc4 5. a4 Bf5 6. e3 e6 7. Bxc4 Bb4 8. O-O
O-O 9. Qe2 Bg6 10. Ne5 Nbd7 11. Nxg6 hxg6 12. Rd1 Qa5 13. Na2 Bd6 14. e4 e5 15.
dxe5 Bxe5 16. f4 Bc7 17. b4 Bb6+ 18. Kh1 Qxa4 19. Rd3 c5 20. e5 Rae8 21. Rd6 Bc7
22. Bb5 Qb3 23. Rxd7 Nxd7 24. Bxd7 Rd8 25. e6 Bd6 26. Bd2 Qb2 27. Qe1 Qf6 28.
Nc3 fxe6 29. Bxe6+ Kh8 30. Nd5 {Black resigns} 1-0

[Event "Team 45 45 League T35"]
[Site "Internet Chess Club"]
[Date "2007.11.12"]
[Round "4"]
[White "Ser-Enigma"]
[Black "fledermaus"]
[Result "1/2-1/2"]
[WhiteElo "2104"]
[BlackElo "2004"]
[Opening "Queen's gambit declined"]
[ECO "D30"]
[Time "15:05:56"]
[TimeControl "2700+45"]

1. d4 d5 2. c4 e6 3. Nf3 Nf6 4. g3 Bb4+ 5. Bd2 Be7 6. Nc3 c6 7. b3 O-O 8. Bg2
Nbd7 9. Qc2 b6 10. e4 dxe4 11. Ng5 Bb7 12. O-O c5 13. dxc5 Nxc5 14. Rad1 Qd3 15.
Qc1 Qd7 16. Qc2 Rad8 17. Ncxe4 Ncxe4 18. Nxe4 Nxe4 19. Bxe4 Bxe4 20. Qxe4 Bc5
21. b4 Be7 22. Qc2 Qd3 23. Qxd3 Rxd3 24. Be3 Ra3 25. c5 bxc5 26. bxc5 Rc3 27.
Rd7 Bxc5 28. Bxc5 Rxc5 29. Rxa7 g5 30. Rd1 Rb8 31. Rdd7 Rf5 32. Rab7 Ra8 33. Ra7
Rb8 34. Rab7 Rxb7 35. Rxb7 Ra5 36. Rb2 g4 37. Kg2 Ra4 38. h3 h5 39. hxg4 hxg4
40. f3 gxf3+ 41. Kxf3 Kg7 42. Re2 Kg6 43. Kg2 Kg5 44. Re5+ Kg4 45. Re2 f5 46.
Rxe6 Rxa2+ 47. Kg1 Ra1+ 48. Kg2 Ra2+ 49. Kg1 Kf3 50. Re5 Rg2+ 51. Kh1 Kxg3 52.
Rxf5 Rh2+ 53. Kg1 Rg2+ {Game drawn by mutual agreement} 1/2-1/2

[Event "Team 45 45 League T35"]
[Site "Internet Chess Club"]
[Date "2007.11.10"]
[Round "4"]
[White "killer21"]
[Black "vaibhav"]
[Result "0-1"]
[WhiteElo "2249"]
[BlackElo "2404"]
[Opening "Sicilian: Kan, 5.Bd3"]
[ECO "B42"]
[Time "10:55:28"]
[TimeControl "2700+45"]

1. e4 c5 2. Nf3 e6 3. d4 cxd4 4. Nxd4 a6 5. Bd3 Nf6 6. O-O d6 7. c4 Bd7 8. Nc3
Nc6 9. Be3 Ne5 10. h3 Rc8 11. Qe2 Nxd3 12. Qxd3 Qc7 13. b3 b5 14. Rfc1 bxc4 15.
bxc4 Be7 16. Nce2 O-O 17. Ng3 Rb8 18. Nb3 Rfc8 19. c5 Bb5 20. Qd2 d5 21. exd5
Nxd5 22. Bd4 e5 23. Bb2 Nf4 24. a4 Bc6 25. Na5 Bg5 26. Qc3 Rxb2 27. Qxb2 Nd3 28.
Qb6 Nxc1 29. h4 Bf4 30. Nf5 Be4 31. Nd6 Qxc5 32. Nxc8 Qxc8 33. Qb4 Ne2+ 34. Kf1
Nd4 35. Re1 Bxg2+ {White resigns} 0-1

[Event "Team 45 45 League T35"]
[Site "Internet Chess Club"]
[Date "2007.11.11"]
[Round "4"]
[White "Terte"]
[Black "Ozgur-Bjk"]
[Result "1/2-1/2"]
[WhiteElo "2120"]
[BlackElo "2158"]
[Opening "Sicilian: Alapin's variation (2.c3)"]
[ECO "B22"]
[Time "05:06:24"]
[TimeControl "2700+45"]

1. e4 c5 2. c3 d5 3. exd5 Qxd5 4. d4 Nf6 5. Nf3 e6 6. Bd3 Be7 7. Be3 O-O 8. h3
Nc6 9. O-O b6 10. Qe2 Bb7 11. Rd1 cxd4 12. cxd4 Rfd8 13. Nc3 Qh5 14. Rac1 Nb4
15. Ne5 Qxe2 16. Bxe2 Rac8 17. g4 Nfd5 18. a3 Nxc3 19. bxc3 Na2 {Game drawn by
mutual agreement} 1/2-1/2

[Event "Team 45 45 League T35"]
[Site "Internet Chess Club"]
[Date "2007.11.09"]
[Round "4"]
[White "EUPHRATES"]
[Black "andreip"]
[Result "0-1"]
[WhiteElo "2048"]
[BlackElo "2083"]
[Opening "Réti: King's Indian attack"]
[ECO "A05"]
[Time "14:03:25"]
[TimeControl "2700+45"]

1. Nf3 Nf6 2. g3 g6 3. Bg2 Bg7 4. O-O O-O 5. d3 Nc6 6. Nbd2 Rb8 7. e4 e5 8. h3
d6 9. c3 h6 10. Qe2 Re8 11. d4 exd4 12. cxd4 Nxe4 13. Nxe4 d5 14. Be3 dxe4 15.
Nd2 Nxd4 16. Qd1 f5 17. Qa4 Bd7 18. Qxa7 Ra8 19. Qc5 b6 20. Qd5+ Be6 21. Qxd8
Rexd8 {White resigns} 0-1

[Event "Team 45 45 League T35"]
[Site "Internet Chess Club"]
[Date "2007.11.12"]
[Round "4"]
[White "f5"]
[Black "MBelli"]
[Result "1/2-1/2"]
[WhiteElo "2220"]
[BlackElo "2502"]
[Opening "Pirc: Ufimtsev-Pytel variation"]
[ECO "B07"]
[Time "21:10:08"]
[TimeControl "2700+45"]

1. e4 d6 2. d4 Nf6 3. Nc3 c6 4. f4 Qa5 5. Bd2 Bg4 6. Be2 Qh5 7. Nf3 d5 8. e5
Nfd7 9. O-O e6 10. h3 Bxf3 11. Bxf3 Qh4 12. Qe2 g6 13. Kh2 Na6 14. a3 h5 15. b4
Nb6 16. Nd1 Nc4 17. g3 Qd8 18. Ne3 b5 19. Nxc4 bxc4 20. Rfb1 Rb8 21. Qe1 Be7 22.
a4 Nc7 23. Ra2 a6 24. Rab2 Qd7 25. Kg2 Kf8 26. c3 Kg7 27. Qe2 Na8 28. Be3 Rb7
29. a5 Nc7 30. Rh1 Rbb8 31. Rbb1 Rbg8 32. g4 hxg4 33. hxg4 Nb5 34. Bd2 Qd8 35.
g5 Rxh1 36. Rxh1 Rh8 37. Qe1 Rxh1 38. Qxh1 Qc7 39. Qe1 Qa7 40. Bd1 Qd7 {Game
drawn by mutual agreement} 1/2-1/2

[Event "Team 45 45 League T35"]
[Site "Internet Chess Club"]
[Date "2007.11.09"]
[Round "4"]
[White "WesleyCrusher"]
[Black "gyoung"]
[Result "0-1"]
[WhiteElo "2137"]
[BlackElo "2205"]
[Opening "Sicilian defense"]
[ECO "B34"]
[Time "13:00:39"]
[TimeControl "2700+45"]

1. e4 c5 2. Nf3 Nc6 3. d4 cxd4 4. Nxd4 g6 5. c3 Bg7 6. Be2 Nf6 7. Bf3 O-O 8.
Nxc6 bxc6 9. e5 Nd5 10. O-O Qc7 11. Bxd5 cxd5 12. f4 e6 13. Be3 d6 14. exd6 Qxd6
15. Bd4 f6 16. Qe1 a5 17. Qe3 Ba6 18. Re1 Rfe8 19. Nd2 Bh6 20. g3 e5 21. Bc5 Qc6
22. Qf2 Bb7 23. Kf1 d4 24. cxd4 exf4 25. Nc4 Qh1+ 26. Qg1 Qf3+ 27. Qf2 Qd3+ 28.
Kg1 Qxc4 29. gxf4 Qd5 30. Qg3 Bxf4 31. Qb3 Be3+ 32. Rxe3 Rxe3 33. Qxd5+ Bxd5 34.
Kf2 Rae8 {White resigns} 0-1

[Event "Team 45 45 League T35"]
[Site "Internet Chess Club"]
[Date "2007.11.13"]
[Round "4"]
[White "baumhauer"]
[Black "martineden"]
[Result "0-1"]
[WhiteElo "1985"]
[BlackElo "1988"]
[Opening "Queen's pawn game, Krause variation"]
[ECO "D02"]
[Time "10:06:34"]
[TimeControl "2700+45"]

1. d4 d5 2. Nf3 c5 3. e3 Nf6 4. c3 Nc6 5. Bd3 e6 6. Ne5 Bd6 7. f4 Bd7 8. Qf3 c4
9. Bc2 h5 10. Qg3 Kf8 11. Nd2 b5 12. Ndf3 Ne4 13. Bxe4 dxe4 14. Ng5 Bxe5 15.
fxe5 Ne7 16. O-O Nf5 17. Qf4 Bc6 18. Bd2 Qd5 19. Be1 a5 20. a3 Rb8 21. Kh1 Ke7
22. Bh4 Kf8 23. Nh3 Qd7 24. Be1 Rh6 25. Bd2 Rg6 26. Nf2 Ke7 27. Rg1 Rh8 28. g3
h4 29. g4 Ng3+ 30. hxg3 hxg3+ 31. Kg2 gxf2 32. Kxf2 Rgh6 33. Raf1 Ke8 34. Ke2
Rh2+ 35. Kd1 b4 36. axb4 axb4 37. Rf2 Rxf2 38. Qxf2 Qa7 39. Rf1 Ba4+ 40. Ke2 Bc2
41. Rg1 Bd3+ 42. Kd1 Qa4+ {White resigns} 0-1

[Event "Team 45 45 League T35"]
[Site "Internet Chess Club"]
[Date "2007.11.08"]
[Round "4"]
[White "alec-805"]
[Black "playwaycool05"]
[Result "1-0"]
[WhiteElo "2360"]
[BlackElo "2215"]
[Opening "Bird's opening"]
[ECO "A03"]
[Time "18:01:39"]
[TimeControl "2700+45"]

1. f4 d5 2. b3 Nf6 3. e3 d4 4. Bd3 Na6 5. Nf3 Nb4 6. Ba3 Nxd3+ 7. cxd3 e6 8.
Bxf8 Kxf8 9. Qc2 dxe3 10. dxe3 Qd6 11. Nc3 Ke7 12. O-O a6 13. Rac1 Bd7 14. Ne5
Rac8 15. Ne4 Nxe4 16. dxe4 Rhd8 17. Rfd1 Qb6 18. Nc4 Qc5 19. Qf2 Bc6 20. Qh4+ f6
21. Qxh7 Rg8 22. Kf2 Qb5 23. e5 Kf8 24. Rd4 f5 25. Qg6 Bd5 26. Nd6 Qd7 27. Nxc8
Qxc8 28. Rxd5 exd5 29. Qd6+ cxd6 30. Rxc8+ Kf7 31. e6+ {Black resigns} 1-0

[Event "Team 45 45 League T35"]
[Site "Internet Chess Club"]
[Date "2007.11.10"]
[Round "4"]
[White "gracey"]
[Black "Chessrascal"]
[Result "1-0"]
[WhiteElo "2137"]
[BlackElo "2139"]
[Opening "English: Sicilian reversed"]
[ECO "A25"]
[Time "13:01:37"]
[TimeControl "2700+45"]

1. c4 e5 2. Nc3 Nc6 3. e3 g6 4. d4 d6 5. d5 Nce7 6. e4 f5 7. Nf3 Bg7 8. Qe2 Nf6
9. Bg5 O-O 10. Nd2 h6 11. Bxf6 Bxf6 12. O-O-O Bg7 13. h4 f4 14. h5 g5 15. Qd3 a6
16. g3 Bd7 17. gxf4 Rxf4 18. Qe3 b5 19. c5 Qf8 20. f3 Rf6 21. c6 Bxc6 22. dxc6
Nxc6 23. Nd5 Rf7 24. Bh3 Nd4 25. Rhf1 c6 26. Nb4 c5 27. Nd5 Kh8 28. Nb6 Raa7 29.
Kb1 c4 30. Nd5 Rab7 31. Qc3 Qd8 32. Qa3 a5 33. Qe3 Qe8 34. Qc3 Qd8 35. Bg4 Ra7
36. Qe3 Ra6 37. Qf2 Rc6 38. Rc1 Qa8 39. Rfd1 Qa6 40. Nf1 Rb7 41. Nfe3 Rc5 42.
Nf5 b4 43. Nxd4 exd4 44. Rxd4 c3 45. Rdd1 b3 46. bxc3 {Black disconnected and
forfeits} 1-0

[Event "Team 45 45 League T35"]
[Site "Internet Chess Club"]
[Date "2007.11.12"]
[Round "4"]
[White "monkeyman722"]
[Black "Scotty2Cues"]
[Result "0-1"]
[WhiteElo "1822"]
[BlackElo "2027"]
[Opening "Réti opening"]
[ECO "A05"]
[Time "15:15:28"]
[TimeControl "2700+45"]

1. Nf3 Nf6 2. g3 d5 3. Bg2 g6 4. d3 Bg7 5. Nbd2 c6 6. O-O O-O 7. e4 dxe4 8. dxe4
Nbd7 9. Re1 a5 10. Nf1 Qb6 11. c3 Ng4 12. Qc2 a4 13. h3 Nge5 14. Nxe5 Nxe5 15.
Be3 Qb5 16. Nd2 Be6 17. Bf1 Qa5 18. f4 Nd7 19. Nf3 Nf6 20. a3 Nxe4 21. Qxe4 Bd5
22. Qxe7 Bxf3 23. Bf2 Bd5 24. Rad1 b5 25. Bc5 Rfd8 26. Bb4 Qa6 27. Bg2 Bf8 28.
Qg5 Qb6+ 29. Kh2 Bxg2 30. Kxg2 c5 31. Bxc5 Bxc5 32. f5 Qc6+ 33. Kh2 Rxd1 34.
Rxd1 Re8 35. Rd2 Be3 {White resigns} 0-1

[Event "Team 45 45 League T35"]
[Site "Internet Chess Club"]
[Date "2007.11.11"]
[Round "4"]
[White "Tigram"]
[Black "kingsmaker825"]
[Result "0-1"]
[WhiteElo "1941"]
[BlackElo "1877"]
[Opening "English opening"]
[ECO "D33"]
[Time "15:00:28"]
[TimeControl "2700+45"]

1. Nf3 Nf6 2. c4 c5 3. g3 Nc6 4. Bg2 e6 5. Nc3 d5 6. cxd5 exd5 7. d4 cxd4 8.
Nxd4 Qb6 9. Nxc6 bxc6 10. O-O Be7 11. b3 Bf5 12. Na4 Qb7 13. Qd4 O-O 14. Bb2
Rfe8 15. Rac1 Bd6 16. Qd1 Ne4 17. f3 Ng5 18. e4 Bh3 19. exd5 cxd5 20. Qd2 Bxg2
21. Kxg2 h6 22. Rc2 Rad8 23. h4 Ne6 24. Nc3 Qb8 25. f4 d4 26. Na4 Qb7+ 27. Kg1
d3 28. Rc4 Nxf4 29. Qh2 Ne2+ 30. Kf2 Bxg3+ 31. Qxg3 Nxg3 32. Kxg3 Re3+ {White
resigns} 0-1

[Event "Team 45 45 League T35"]
[Site "Internet Chess Club"]
[Date "2007.11.10"]
[Round "4"]
[White "Zeus815"]
[Black "NFork"]
[Result "0-1"]
[WhiteElo "2236"]
[BlackElo "2167"]
[Opening "Caro-Kann: closed (Breyer) variation"]
[ECO "B10"]
[Time "07:05:07"]
[TimeControl "2700+45"]

1. e4 c6 2. d3 e5 3. Nf3 Nf6 4. Nbd2 d6 5. g3 g6 6. Bg2 Bg7 7. O-O O-O 8. Ne1 d5
9. h3 Nbd7 10. c3 Re8 11. Nc2 b6 12. Re1 Bb7 13. Ne3 Nf8 14. exd5 cxd5 15. c4
Rb8 16. b3 Ne6 17. Bb2 Nc5 18. Nf3 d4 19. Nc2 Nfd7 20. b4 Na4 21. Rb1 Nxb2 22.
Rxb2 f5 23. Rb1 Qc7 24. Nd2 Bxg2 25. Kxg2 e4 26. dxe4 fxe4 27. Nxe4 Qxc4 28. Rb3
Rbc8 29. Na3 Qd5 30. f3 Nf6 31. Qd3 a6 32. Nb1 Nxe4 33. fxe4 Qc6 34. Rb2 b5 35.
a3 Bh6 36. Rbe2 Be3 37. Qb3+ Qc4 38. Qxc4+ bxc4 39. Nc3 Bg5 40. h4 Bh6 41. Nd5
d3 42. Nf6+ Kh8 43. Nxe8 Rxe8 44. Ra2 c3 45. g4 c2 46. g5 d2 47. Kf2 d1=Q 48.
Rxd1 cxd1=Q 49. gxh6 Rf8+ 50. Kg2 Qf3+ 51. Kh2 Rf4 52. Rc2 Rxh4+ 53. Kg1 Rh1#
{White checkmated} 0-1